 Dungeon Crawl Stone Soup version 0.23.2-33-g5129a83184 (webtiles) character file.

Game seed: 9371635346631167854

2349 DungeonDestroyer the Cleaver (level 9, 0/78 HPs)
             Began as a Minotaur Fighter on July 8, 2019.
             Slain by an orc warrior
             ... wielding a +0 flail
              (14 damage)
             ... on level 7 of the Dungeon.
             The game lasted 00:20:04 (6250 turns).

DungeonDestroyer the Cleaver (Minotaur Fighter)     Turns: 6250, Time: 00:20:04

Health: 0/78       AC: 12    Str: 21    XL:     9   Next: 20%
Magic:  8/8        EV:  8    Int:  5    God:
Gold:   210        SH:  7    Dex: 16    Spells: 8/8 levels left

rFire    . . .     SeeInvis .   a - +1 war axe
rCold    + . .     Gourm    .   z - +1 buckler {reflect}
rNeg     . . .     Faith    .   k - +0 chain mail
rPois    .         Spirit   .   (helmet restricted)
rElec    .         Reflect  +   y - +0 cloak
rCorr    +         Harm     .   (no gloves)
MR       .....     Rnd*Tele +   (no boots)
Stlth    ..........             (no amulet)
HPRegen  0.23/turn              j - +3 ring of dexterity
MPRegen  0.11/turn              x - ring of resist corrosion

@: lethally poisoned (0 -> -1)
A: retaliatory headbutt, horns 2, cold resistance 1, teleportitis 1
a: no special abilities


You were on level 7 of the Dungeon.
You were not hungry.

You visited 1 branch of the dungeon, and saw 7 of its levels.
You also visited: Sewer.

You collected 290 gold pieces.
You spent 80 gold pieces at shops.

Inventory:

Hand Weapons
 a - a +1 war axe (weapon)
 b - a +0 blowgun
 i - a +0 flail
Missiles
 e - 76 poisoned needles
Armour
 c - a +1 shield
 h - a scarf of resistance
 k - a +0 chain mail (worn)
 y - a +0 cloak (worn)
 z - a +1 buckler of reflection (worn)
Jewellery
 j - a +3 ring of dexterity (left hand)
 u - an uncursed ring of flight
 x - a ring of resist corrosion (right hand)
Wands
 n - a wand of scattershot (4)
 o - a wand of iceblast (6)
 s - a wand of random effects (11)
Scrolls
 g - 6 scrolls of identify
 l - a scroll of remove curse
 t - 3 scrolls of fear
 w - 2 scrolls of teleportation
Potions
 d - 7 potions of might
 m - 4 potions of curing
 p - a potion of heal wounds
 q - 2 potions of agility
 v - a potion of flight
Comestibles
 f - 16 rations
 r - a chunk of flesh


   Skills:
 + Level 6.9 Fighting
 + Level 10.3 Axes
 + Level 7.5 Armour
 + Level 7.2 Shields


You had 8 spell levels left.
You didn't know any spells.
Your spell library was empty.

Dungeon Overview and Level Annotations

Branches:
Dungeon (7/15)
 Temple: D:4-7

Altars:
Ashenzari
Elyvilon
Ru
Wu Jian

Shops:
D:6 !


Innate Abilities, Weirdness & Mutations

You reflexively headbutt those who attack you in melee.
You have a pair of horns on your head.
Your flesh is cold resistant. (rC+)
You are occasionally teleported next to monsters.


Message History

The wyvern skeleton bites you but does no damage.
The orc barely misses you.
You hit the wyvern skeleton.
The wyvern skeleton is lightly damaged.
You closely miss the orc. You closely miss the orc warrior.
The wyvern skeleton barely misses you. You furiously retaliate!
You headbutt the wyvern skeleton. You block the orc warrior's attack.
The orc hits you but does no damage. The wyvern skeleton bites you.
* * * LOW HITPOINT WARNING * * *
You slash the wyvern skeleton!
The wyvern skeleton is heavily damaged.
You hit the orc warrior. You slash the orc!
You kill the orc!
The orc warrior closely misses you. You block the wyvern skeleton's attack.
Unknown command.
You slash the wyvern skeleton! You headbutt the wyvern skeleton!
You destroy the wyvern skeleton!
You closely miss the orc warrior.
You feel sick.
The orc warrior hits you with a +0 flail!
You die...

... .# .... ### ..
......# #. ...#.# .
#.#)##.# . #....#.# ..
#..)o.##.## ..##
#.@).%...# ...##
#####.((.....#
#...#######............#
........................
#.#...###..####........#
......##..........##..##
.......#..(............#
<.................#....#
..................##..


You could see an orc warrior.

Vanquished Creatures
  Grinder (D:6)
  Edmund (D:5)
  A water moccasin (D:7)
  2 sky beasts
  A phantom (D:4)
  An ice beast (D:5)
  2 necrophages (D:7)
  An ogre (D:4)
  A centaur (D:6)
  Blork the orc (D:6)
  2 big kobolds (Sewer)
  A bullfrog (D:3)
  A wyvern skeleton (D:7)
  A howler monkey (D:4)
  2 jellies
  2 orc wizards
  2 orc priests
  4 hounds
  2 iguanas
  Ijyb (D:5)
  5 worker ants
  A hound skeleton (D:6)
  7 gnolls
  12 adders
  A shadow imp (D:6)
  4 oozes
  An adder zombie (D:6)
  2 adder skeletons (D:4)
  10 worms
  A dart slug (D:2)
  4 leopard geckos
  19 orcs
  8 bats
  7 giant cockroaches
  12 hobgoblins
  9 jackals
  A quokka (D:3)
  3 ball pythons
  5 frilled lizards
  13 goblins
  29 kobolds
  2 quokka skeletons (D:4)
  10 rats
  A fungus (Sewer)
197 creatures vanquished.

Vanquished Creatures (others)
  A leopard gecko (D:7)
1 creature vanquished.

Grand Total: 198 creatures vanquished

Notes
Turn   | Place    | Note
-------+----------+-------------------------------------------
     0 | D:1      | DungeonDestroyer the Minotaur Fighter began the quest for
                  | the Orb.
     0 | D:1      | Reached XP level 1. HP: 19/19 MP: 0/0
    64 | D:1      | Reached XP level 2. HP: 24/27 MP: 1/1
   472 | D:1      | Reached XP level 3. HP: 33/33 MP: 2/2
   920 | D:2      | Reached skill level 3 in Axes
  1058 | D:2      | Reached XP level 4. HP: 5/40 MP: 3/3
  1605 | D:2      | Found a sacrificial altar of Ru.
  2037 | D:3      | You fall through a shaft!
  2072 | D:4      | Reached skill level 4 in Axes
  2087 | D:4      | Found a glowing drain.
  2096 | D:4      | Reached XP level 5. HP: 47/47 MP: 4/4
  2107 | Sewer    | Entered a sewer
  2347 | Sewer    | Reached skill level 5 in Axes
  2347 | Sewer    | Reached XP level 6. HP: 37/55 MP: 5/5
  2554 | Sewer    | Reached skill level 5 in Armour
  2699 | D:4      | Reached skill level 5 in Fighting
  2699 | D:4      | Reached skill level 5 in Shields
  2769 | D:4      | Found a shattered altar of Ashenzari.
  2770 | D:4      | Reached skill level 6 in Axes
  2825 | D:4      | Reached XP level 7. HP: 26/61 MP: 6/6
  3164 | D:4      | Found a white marble altar of Elyvilon.
  3329 | D:3      | Reached skill level 7 in Axes
  3917 | D:3      | Gained mutation: Your muscles are strong. (Str +2) [potion
                  | of mutation]
  3917 | D:3      | Gained mutation: Your body sometimes deteriorates upon
                  | taking damage. [potion of mutation]
  3917 | D:3      | Gained mutation: You possess an exceptional clarity of
                  | mind. [potion of mutation]
  4477 | D:5      | Entered Level 5 of the Dungeon
  4477 | D:5      | Noticed Ijyb
  4481 | D:5      | Killed Ijyb
  4575 | D:5      | Lost mutation: Your body sometimes deteriorates upon taking
                  | damage. [potion of mutation]
  4575 | D:5      | Lost mutation: Your muscles are strong. (Str +2) [potion of
                  | mutation]
  4575 | D:5      | Lost mutation: You possess an exceptional clarity of mind.
                  | [potion of mutation]
  4575 | D:5      | Gained mutation: Your magical capacity is low. (-10% MP)
                  | [potion of mutation]
  4575 | D:5      | Gained mutation: You expend magic power (3 MP) to
                  | strengthen your wands. [potion of mutation]
  4879 | D:5      | Noticed Edmund
  4891 | D:5      | Killed Edmund
  4891 | D:5      | Reached skill level 8 in Axes
  4891 | D:5      | Reached XP level 8. HP: 67/70 MP: 6/6
  5469 | D:5      | Identified the +9 short sword of Dried Tears {venom, rC+
                  | Str+7} (You found it on level 5 of the Dungeon)
  5495 | D:6      | Noticed Blork the orc
  5508 | D:6      | Reached skill level 9 in Axes
  5509 | D:6      | Noticed Grinder
  5782 | D:6      | Paralysed by Grinder for 4 turns
  5792 | D:6      | Killed Blork the orc
  5794 | D:6      | Paralysed by Grinder for 3 turns
  5803 | D:6      | Killed Grinder
  6042 | D:6      | Found an ornate altar of the Wu Jian Council.
  6047 | D:6      | Found Qadoeh's Distillery.
  6068 | D:6      | Bought a potion of mutation for 80 gold pieces
  6136 | D:6      | Lost mutation: You expend magic power (3 MP) to strengthen
                  | your wands. [potion of mutation]
  6136 | D:6      | Lost mutation: Your magical capacity is low. (-10% MP)
                  | [potion of mutation]
  6136 | D:6      | Gained mutation: You are agile. (Dex +2) [potion of
                  | mutation]
  6136 | D:6      | Lost mutation: You are agile. (Dex +2) [potion of mutation]
  6136 | D:6      | Gained mutation: You are occasionally teleported next to
                  | monsters. [potion of mutation]
  6136 | D:6      | Gained mutation: Your flesh is cold resistant. (rC+)
                  | [potion of mutation]
  6159 | D:7      | Reached XP level 9. HP: 78/78 MP: 8/8
  6205 | D:7      | Reached skill level 10 in Axes
  6250 | D:7      | Slain by an orc warrior

Skill      XL: |  1  2  3  4  5  6  7  8  9 |
---------------+----------------------------+-----
Armour         | 4 5 6 7 |  7.5
Shields        | 4 5 7 |  7.2
Fighting       | 4 5 6 |  6.9
Axes           | 3 4 5 6 8 9 10 | 10.3

Action                   |  1- 3 |  4- 6 |  7- 9 || total
-------------------------+-------+-------+-------++-------
Melee: War axe           |    73 |   145 |   264 ||   482
       Headbutt          |    12 |    23 |    55 ||    90
  Use: Scroll            |     5 |     4 |     5 ||    14
       Potion            |     3 |     4 |     5 ||    12
  Eat: Chunk             |     1 |     5 |    12 ||    18
Armor: Scale mail        |    28 |    16 |       ||    44
       Chain mail        |       |    36 |    90 ||   126
Dodge: Dodged            |    33 |    32 |    57 ||   122
Block: Shield            |    37 |    65 |   139 ||   241
       Buckler           |       |       |     7 ||     7
